 Dungeon Crawl Stone Soup version 0.21-a0-286-g6fcecc0 (webtiles) character file.

2 Timinator the Insei (level 1, -2/15 HPs)
             Began as a Demigod Transmuter on Dec 3, 2015.
             Slain by an ooze (3 damage)
             ... on level 1 of the Dungeon on Sept 27, 2017.
             The game lasted 00:04:07 (231 turns).

Timinator the Insei (Demigod Transmuter)             Turns: 231, Time: 00:04:07

Health: -2/15      AC:  2    Str: 13    XL:     1   Next: 26%
Magic:  5/5        EV: 12    Int: 17    God:
Gold:   17         SH:  0    Dex: 16    Spells: 2/3 levels left

rFire    . . .     SeeInvis .     - Unarmed
rCold    . . .     Gourm    .   (no shield)
rNeg     . . .     Faith    .   i - +0 robe
rPois    .         Spirit   .   (no helmet)
rElec    .         Reflect  .   (no cloak)
rCorr    .         Harm     .   (no gloves)
MR       .....                  (boots currently unavailable)
Stlth    +.........             (no amulet)
HPRegen  0.05/turn              (no ring)
MPRegen  0.09/turn              (no ring)

@: appendage (expiring)
A: talons 3, high mp 1
a: End Transformation


You were on level 1 of the Dungeon.
You were not hungry.
You had grown temporary talons.
You visited 1 branch of the dungeon, and saw 1 of its levels.

You collected 17 gold pieces.

Inventory:

Missiles
 a - 12 arrows
Armour
 i - a +0 robe (worn)
Jewellery
 k - an uncursed ring of magical power {unknown}
Scrolls
 b - a scroll of noise {unknown}
 g - a scroll of remove curse {unknown}
Potions
 e - a potion of ambrosia {unknown}
 f - a potion of heal wounds {unknown}
 h - a potion of curing {unknown}
 j - a potion of might {unknown}
Books
 c - a book of Changes

   Spells                             Type                      Level
   a - Beastly Appendage              Transmutation                1
   b - Sticks to Snakes               Transmutation                2
   c - Spider Form                    Transmutation/Poison         3
   d - Ice Form                       Ice/Transmutation            4
   e - Blade Hands                    Transmutation                5
Comestibles
 d - a bread ration


   Skills:
 * Level 0.8 Fighting
 * Level 1.7 Dodging
 + Level 2.8 Unarmed Combat
 + Level 1.7 Spellcasting
 * Level 1.8 Transmutations


You had 2 spell levels left.
You knew the following spells:

 Your Spells              Type           Power        Failure   Level  Hunger
a - Beastly Appendage     Tmut           #.....       10%         1    #......


Dungeon Overview and Level Annotations

Branches:
Dungeon (1/15)


Innate Abilities, Weirdness & Mutations

You have an increased reservoir of magic. (+10% MP)
You have claws for feet.


Message History

You hit the ooze but do no damage.
The ooze is moderately wounded.
The ooze closely misses you.
You barely miss the ooze.
The ooze is moderately wounded.
You completely miss the ooze. You claw the ooze.
The ooze is heavily wounded.
The ooze barely misses you.
You completely miss the ooze.
The ooze is heavily wounded.
The ooze hits you.
* * * LOW HITPOINT WARNING * * *
You hit the ooze.
The ooze is heavily wounded.
The ooze hits you.
* * * LOW HITPOINT WARNING * * *
You hit the ooze. You claw the ooze.
The ooze is almost dead.
The ooze hits you.
You die...

#######.#.#......# #####
..........##...#.######......
#######.##[...##.........#
#.##.#####.######.## #.##.#
#.# # #.##.# #.# ...... #.#
.#.....###.####.# .
........@J....#.
.....#.>........ ..
#...#..>... #..(#.###..
#...#.# . ....$ > .....# #
###.#.# #.#.#


You could see an ooze.

Vanquished Creatures
  A hobgoblin (D:1)
  A frilled lizard (D:1)
  A goblin (D:1)
3 creatures vanquished.

Notes
Turn   | Place    | Note
-------+----------+-------------------------------------------
     0 | D:1      | Timinator the Demigod Transmuter began the quest for the Orb.
     0 | D:1      | Reached XP level 1. HP: 15/15 MP: 5/5
   175 | D:1      | Upgraded the game from 0.18-a0-596-g6468885 to 0.21-a0-273-g0785366
   175 | D:1      | Upgraded the game from 0.21-a0-273-g0785366 to 0.21-a0-286-g6fcecc0
   231 | D:1      | Slain by an ooze

Vault maps used:
D:1:      sevenhm_arrival_forest_fort_small_1, evilmike_ruin_ashenzari

Action                   || total
-------------------------++-------
Melee: Unarmed           ||    17
       Kick              ||     3
 Cast: Beastly Appendage ||     2
       Beastly Appendage ||     1
Armor: Robe              ||     1
Dodge: Dodged            ||     2

Table legend:
 A = Spawn XP
 B = Non-spawn XP
 C = Spawn XP percentage of total XP
 D = Spawn monster count
 E = Non-spawn monster count
 F = Spawn count percentage of total count
 G = Total turns spent on level
                    A         B        C        D         E        F      G
               +---------+---------+-------+---------+---------+-------+---------
         Total |       0 |       0 |   N/A |       0 |       0 |   N/A |    56
               +---------+---------+-------+---------+---------+-------+---------
               +---------+---------+-------+---------+---------+-------+---------
